 Dungeon Crawl Stone Soup version 0.29.1-2-gbd0b4ee654 (webtiles) character file.

Game seed: 4357913508720891392

12635 MaxHasHax6295 the Protected (level 11, -9/96 (99) HPs)
             Began as a Minotaur Berserker on Oct 27, 2022.
             Was an Elder of Trog.
             Mangled by a troll (21 damage)
             ... on level 1 of the Orcish Mines.
             The game lasted 00:23:53 (10497 turns).

MaxHasHax6295 the Protected (Minotaur Berserker)   Turns: 10497, Time: 00:23:53

HP:   -9/96 (99)    AC: 25    Str: 35    XL:     11   Next: 65%
MP:   10/10         EV: 11    Int:  2    God:    Trog [****..]
Gold: 512           SH:  0    Dex: 10    Spells: 10/10 levels left

rFire   . . .      SeeInvis .   m - +2 quarterstaff (chaos)
rCold   + + .      Faith    .   (shield currently unavailable)
rNeg    . . .      Spirit   .   k - +8 chain mail of the Griffon {Regen+ Str+3}
rPois   +          Reflect  .   (helmet restricted)
rElec   +          Harm     .   n - +0 cloak
rCorr   .          Rampage  .   B - +1 pair of gloves of Green Beauty {rElec rPois rC+}
Will    ++...                   I - +0 pair of boots
Stlth   ..........              (no amulet)
HPRegen 2.06/turn               x - +6 ring of strength
MPRegen 0.12/turn               E - ring of protection from cold

@: confused, ambrosia-drunk, strong-willed, regenerating, lightly drained
A: horns 2, retaliatory headbutt, dopey 1
a: Renounce Religion, Berserk, Trog's Hand, Brothers in Arms


You were on level 1 of the Orcish Mines.
You worshipped Trog.
Trog was greatly pleased with you.
You visited 2 branches of the dungeon, and saw 10 of its levels.
You visited the Abyss 1 time.

You collected 551 gold pieces.
You spent 39 gold pieces at shops.

Inventory:

Hand Weapons
 m - a +2 quarterstaff of chaos (weapon)
Missiles
 l - a throwing net (quivered)
Armour
 k - the +8 chain mail of the Griffon (worn) {Regen+ Str+3}
   (You found it on level 3 of the Dungeon)

   Str:       It affects your strength (+3).
   Regen:     It increases your rate of health regeneration.
 n - a +0 cloak (worn)
 u - a +3 plate armour of positive energy
 B - the +1 pair of gloves of Green Beauty (worn) {rElec rPois rC+}
   (You found it on level 7 of the Dungeon)

   rC:        It protects you from cold.
   rElec:     It insulates you from electricity.
   rPois:     It protects you from poison.
 I - a +0 pair of boots (worn)
Jewellery
 x - a +6 ring of strength (left hand)
 E - a ring of protection from cold (right hand)
Wands
 z - a wand of polymorph (5)
 C - a wand of flame (7)
 D - a wand of acid (8)
 F - a wand of roots (3)
Scrolls
 b - 3 scrolls of teleportation
 d - 3 scrolls of enchant weapon
 f - a scroll of immolation {unknown}
 g - 2 scrolls of vulnerability
 h - a scroll of butterflies {unknown}
 i - a scroll of amnesia {unknown}
 p - a scroll of silence {unknown}
 r - 3 scrolls of blinking
 s - 3 scrolls of poison {unknown}
 w - 2 scrolls of magic mapping {unknown}
 y - a scroll of identify
 A - a scroll of torment {unknown}
Potions
 a - 2 potions of magic
 c - 3 potions of brilliance
 e - 2 potions of ambrosia
 j - 2 potions of attraction {unknown}
 o - 3 potions of curing
 q - 4 potions of mutation
 t - a potion of cancellation {unknown}
 v - a potion of lignification {unknown}
 G - a potion of invisibility {unknown}
 H - a potion of flight {unknown}
 J - a potion of resistance {unknown}


   Skills:
 * Level 10.1 Fighting
 * Level 9.1 Axes
 + Level 10.5 Staves
 * Level 11.3 Armour
 * Level 7.3 Dodging
 * Level 5.8 Stealth


You had 10 spell levels left.
You didn't know any spells.
Your spell library was empty.

Dungeon Overview and Level Annotations

Branches:
Dungeon (9/15)             Temple (0/1) D:7             Orc (1/2) D:9
   Lair: D:8-11

Altars:
Fedhas
Gozag
Nemelex Xobeh
Okawaru
Sif Muna
Trog
Uskayaw
Xom
Yredelemnul

Shops:
D:4 (   D:6 **

Annotations:
D:7 2 transporters, safid's ghost, novice MiHu
D:8 3 runed translucent doors, xian's ghost, novice DrGl


Innate Abilities, Weirdness & Mutations

You have a pair of horns on your head.
You reflexively headbutt those who attack you in melee.
You are dopey. (Int -2)


Message History

The orc wizard barely misses you. The ogre barely misses you.
The troll bites you! The troll claws you but does no damage.
The troll barely misses you.
You hit the troll.
The troll goes berserk!
You headbutt the troll!
The troll is almost dead.
The troll bites you. The troll claws you! x2
The orc wizard mumbles some strange words.
The orc wizard flickers and vanishes!
Deactivating autopickup; reactivate with Ctrl-A.
The orc barely misses you.
The orc warrior hits you but does no damage.
You sock the troll!
The troll is almost dead.
The troll closely misses you. The troll claws you! x2
The ogre hits you with a +0 giant spiked club.
You are too injured to fight recklessly!
You are too injured to fight recklessly!
You are too injured to fight recklessly!
Your skin crawls.
You feel strong-willed. The troll bites you but does no damage.
The troll misses you. The troll closely misses you. Something hits you.
The orc hits you but does no damage.
The orc warrior hits you with a +0 hand axe!
* * * LOW HITPOINT WARNING * * *
The troll bites you!
* * * LOW HITPOINT WARNING * * *
The troll barely misses you. x2
You feel better. The orc barely misses you.
The orc warrior hits you but does no damage.
Something hits you.
* * * LOW HITPOINT WARNING * * *
The ogre barely misses you. The troll bites you!
* * * LOW HITPOINT WARNING * * *
The troll barely misses you. The troll closely misses you.
You are too injured to fight recklessly!
There are monsters nearby!
You are confused.
You feel invigorated. The troll bites you!!
You die...

.....#.....
##.........#
..........# ##
#......#..##
#..##..........##
................#
..#...<>........
#.......o.....#
....$.#..@o..#.#
#.#.....TO{.....#
# ##.............
#.......##.....
##......# #...#
#.#..... ....
....#.... ..#
.#..#...# ##


You could see a troll (berserk), an orc warrior, an ogre and an orc.

Vanquished Creatures
  A tentacled starspawn (Abyss:1)
  A great orb of eyes (Abyss:1)
  A thrashing horror (Abyss:1)
  A large abomination (Abyss:1)
  A wretched star (Abyss:1)
  A manticore (D:8)
  A cyclops (D:7)
  Maggie (D:6)
  Psyche (D:8)
  An orange demon (Abyss:1)
  An ancient zyme (Abyss:1)
  2 trolls
  A slime creature (D:7)
  6 raiju (Abyss:1)
  Sigmund (D:3)
  A wraith (Abyss:1)
  2 wyverns
  A basilisk (D:8)
  5 steam dragons
  A neqoxec (Abyss:1)
  A chaos spawn (Abyss:1)
  An acid dragon (D:8)
  2 water moccasins
  A two-headed ogre zombie (D:9)
  A floating eye (shapeshifter) (D:7)
  2 orc warriors
  An ice beast (D:5)
  A black bear (D:7)
  An ogre (D:7)
  3 centaurs
  5 phantoms
  A kobold brigand (D:7)
  A necrophage (D:8)
  A bullfrog (D:6)
  A gnoll sergeant (D:9)
  6 scorpions
  9 wights
  2 electric eels (D:7)
  A crimson imp (Abyss:1)
  A howler monkey (D:8)
  4 hounds
  A jelly (D:7)
  6 orc priests
  Crazy Yiuf (D:2)
  3 iguanas
  7 orc wizards
  7 ogre zombies (D:9)
  4 small abominations (Abyss:1)
  13 adders
  4 gnolls (D:9)
  A shadow imp (D:7)
  4 white imps
  2 worms (D:4)
  3 dart slugs
  25 orcs
  6 endoplasms
  2 giant cockroaches (D:2)
  11 goblins
  5 hobgoblins
  4 quokkas
  8 ball pythons
  3 bats
  2 frilled lizards
  2 goblin skeletons (D:9)
  3 goblin zombies (D:9)
  A hobgoblin skeleton (D:9)
  4 hobgoblin zombies (D:9)
  10 kobolds
  15 orc zombies (D:9)
  8 rats
  A spectral orc (D:5)
243 creatures vanquished.

Vanquished Creatures (others)
  2 orcs (D:7)
  A quokka (D:3)
  16 plants
  2 starspawn tentacles (Abyss:1)
21 creatures vanquished.

Grand Total: 264 creatures vanquished

Notes
Turn   | Place    | Note
-------+----------+-------------------------------------------
     0 | D:1      | MaxHasHax6295 the Minotaur Berserker began the quest for
                  | the Orb.
     0 | D:1      | Reached XP level 1. HP: 19/19 MP: 0/0
   823 | D:2      | Reached XP level 2. HP: 27/27 MP: 1/1
  1177 | D:2      | Reached XP level 3. HP: 33/33 MP: 2/2
  1337 | D:2      | Found a runed translucent door.
  1338 | D:2      | Noticed Crazy Yiuf
  1367 | D:2      | Reached ** piety under Trog
  1458 | D:2      | Reached skill level 3 in Armour
  1550 | D:2      | Found a faded altar of an unknown god.
  1703 | D:2      | Killed Crazy Yiuf
  1704 | D:2      | Reached XP level 4. HP: 41/41 MP: 3/3
  2381 | D:3      | Noticed an ice beast
  2386 | D:3      | Found a shimmering altar of Xom.
  2475 | D:3      | Reached skill level 1 in Stealth
  2481 | D:3      | Identified the +8 chain mail of the Griffon {Regen+ Str+3}
  2494 | D:3      | Found an iron altar of Okawaru.
  2528 | D:3      | Found a hide-covered altar of Uskayaw.
  2783 | D:3      | Found a bloodstained altar of Trog.
  3075 | D:4      | Noticed Sigmund
  3230 | D:4      | Reached XP level 5. HP: 40/47 MP: 4/4
  3270 | D:3      | Killed Sigmund
  3271 | D:3      | Reached skill level 5 in Axes
  3271 | D:3      | Reached skill level 1 in Staves
  3271 | D:3      | Reached skill level 4 in Armour
  3271 | D:3      | Reached XP level 6. HP: 55/55 MP: 5/5
  3443 | D:4      | Found Qidgho Qodoiz's Antique Weapon Emporium.
  3875 | D:5      | Entered Level 5 of the Dungeon
  3911 | D:5      | Reached skill level 5 in Fighting
  4055 | D:5      | Noticed an ice beast
  4061 | D:5      | Killed an ice beast
  4178 | D:5      | Reached skill level 5 in Armour
  4178 | D:5      | Reached XP level 7. HP: 57/61 MP: 6/6
  4992 | D:5      | Found a basalt altar of Yredelemnul.
  5216 | D:6      | Reached *** piety under Trog
  5225 | D:6      | Reached XP level 8. HP: 70/70 MP: 7/7
  5248 | D:6      | Noticed Maggie
  5265 | D:6      | Killed Maggie
  5266 | D:6      | Reached skill level 5 in Staves
  5266 | D:6      | Reached skill level 6 in Armour
  5367 | D:6      | Found Gehotiun's General Store.
  5371 | D:6      | Found Umnihyutz's Specific Store.
  5375 | D:6      | Bought a potion of curing for 39 gold pieces
  5514 | D:6      | Reached skill level 7 in Armour
  6032 | D:7      | Reached XP level 9. HP: 55/78 MP: 8/8
  6487 | D:7      | Noticed a queen bee
  6493 | D:7      | Found a blossoming altar of Fedhas.
  6635 | D:7      | Reached skill level 5 in Dodging
  6754 | D:7      | Found a staircase to the Ecumenical Temple.
  6986 | D:7      | Reached skill level 8 in Armour
  7081 | D:7      | Identified the +1 pair of gloves of Green Beauty {rElec
                  | rPois rC+}
  7081 | D:7      | Noticed a cyclops
  7085 | D:7      | Killed a cyclops
  7188 | D:7      | Noticed a manticore
  7206 | D:8      | Reached skill level 9 in Armour
  7225 | D:8      | Killed a manticore
  7226 | D:8      | Reached XP level 10. HP: 86/86 MP: 9/9
  7448 | D:7      | Noticed a glowing shapeshifter
  7448 | D:7      | an ogre changed into a glowing shapeshifter
  7448 | D:7      | a glowing shapeshifter changed into a floating eye
  7453 | D:7      | Reached **** piety under Trog
  7757 | D:7      | Noticed safid's ghost (novice MiHu)
  8047 | D:7      | Found a transporter.
  8051 | D:7      | Found a transporter.
  8338 | D:8      | Noticed Psyche
  8341 | Abyss:1  | Cast into level 1 of the Abyss (Psyche)
  8566 | Abyss:1  | Reached skill level 10 in Armour
  8614 | Abyss:1  | Gained mutation: You are dopey. (Int -2) [a neqoxec]
  8620 | Abyss:1  | Reached skill level 5 in Stealth
  8640 | Abyss:1  | Noticed a large abomination
  8648 | Abyss:1  | Noticed a sixfirhy
  8651 | Abyss:1  | Killed a large abomination
  8739 | Abyss:1  | Noticed a wretched star
  8744 | Abyss:1  | Noticed a thrashing horror
  8753 | Abyss:1  | Killed a wretched star
  8757 | Abyss:1  | Killed a thrashing horror
  8758 | Abyss:1  | Reached XP level 11. HP: 97/97 MP: 10/10
  8872 | Abyss:1  | Noticed a tentacled starspawn
  8880 | Abyss:1  | Killed a tentacled starspawn
  8906 | Abyss:1  | Noticed a great orb of eyes
  8927 | Abyss:1  | Killed a great orb of eyes
  8928 | Abyss:1  | Reached skill level 10 in Staves
  8928 | Abyss:1  | Reached skill level 11 in Armour
  8938 | D:8      | Escaped the Abyss
  8944 | D:8      | Killed Psyche
  9108 | D:8      | Found a runed translucent gate.
  9195 | D:8      | Found a runed translucent gate.
  9196 | D:8      | Found a runed translucent gate.
  9198 | D:8      | Noticed xian's ghost (novice DrGl)
  9252 | D:8      | Found a shimmering blue altar of Sif Muna.
  9711 | D:9      | Found an opulent altar of Gozag.
  9773 | D:9      | Found a staircase to the Orcish Mines.
  9786 | D:9      | Reached skill level 10 in Fighting
  9947 | D:9      | Identified the +1 chain mail of Qasel {rPois Str+6 Dex-5}
 10403 | D:9      | Found a sparkling altar of Nemelex Xobeh.
 10483 | Orc:1    | Entered Level 1 of the Orcish Mines
 10497 | Orc:1    | Mangled by a troll

Illustrated notes

Levels and vault maps discovered:
D:1:      minmay_arrival_radiant_lines, layout_basic
D:2:      layout_basic, shapermc_ecumenical_altar_pompeii,
          uniq_crazy_yiuf_cottage
D:3:      layout_basic, nicolae_uskayaw_murder_on_the_dancefloor,
          xom_confusion_cloud, mainiacjoe_overflow_alcove_1,
          okawaru_ov_weapons_minmay
D:4:      layout_cave_pools, serial_shops, nicolae_shop_behind_doors,
          serial_bayou, serial_bayou_pond_d, serial_bayou_pond_d,
          serial_bayou_lagoon_b, serial_bayou_pond_e,
          chequers_serial_rivers_large_a, uniq_sigmund
D:5:      layout_layer_cave, yredelemnul_forgotten_temple_becter,
          kennysheep_generic_room_7
D:6:      layout_rooms, nicolae_specific_store, hangedman_decor_opposing,
          uniq_maggie
D:7:      nzn_winding_woodlands_stair_cross [nzn_winding_woodlands_5x15_zeroes,
          nzn_winding_woodlands_center_diamonds,
          nzn_winding_woodlands_5x15_parted, nzn_winding_woodlands_hourglass,
          nzn_winding_woodlands_5x5_three,
          nzn_winding_woodlands_5x15_pathside_ponds,
          nzn_winding_woodlands_center_garden,
          nzn_winding_woodlands_5x15_river_crossing], layout_loops_corners,
          fedhas_altar_1, nicolae_overflow_hidden_temple,
          minmay_temple_entry_slanted, gammafunk_ghost_hive, solitary_fountain
D:8:      layout_rooms, led_sif_pool, enter_bailey_5,
          gammafunk_ghost_necromancy, item_on_display_a, uniq_psyche
D:9:      layout_loops_cross, mainiacjoe_overflow_chevrons,
          nemelex_diamond_rough_becter, zombieorc2_lemuel,
          minmay_misc_feat_hallway, minmay_statues_item
Orc:1:    layout_caves, mines2_david, uniq_snorg

Skill      XL: |  1  2  3  4  5  6  7  8  9 10 11 |
---------------+----------------------------------+-----
Fighting       | 4 5 6 7 9 10 | 10.1
Axes           | 4 5 6 7 8 9 |  9.1
Armour         | 3 4 5 7 9 10 11 | 11.3
Stealth        | 1 2 3 4 5 |  5.8
Staves         | 1 2 4 6 7 9 10 | 10.5
Dodging        | 3 4 5 6 7 |  7.3

Action                   |  1- 3 |  4- 6 |  7- 9 | 10-12 || total
-------------------------+-------+-------+-------+-------++-------
Melee: Hand axe          |    56 |       |       |       ||    56
       Headbutt          |    13 |    13 |    35 |    62 ||   123
       Quarterstaff      |       |    87 |   187 |   332 ||   606
Invok: Berserk           |     1 |     3 |     5 |     6 ||    15
       Trog's Hand       |       |       |     2 |     4 ||     6
  Use: Scroll            |       |     6 |       |     2 ||     8
       Potion            |       |       |       |     5 ||     5
 Stab: Paralysed         |       |     1 |       |     1 ||     2
Armor: Animal skin       |     2 |       |       |       ||     2
       Ring mail         |    12 |     8 |       |       ||    20
       Chain mail        |       |    42 |   126 |   173 ||   341
Dodge: Dodged            |    30 |    56 |    91 |   177 ||   354
